 Dungeon Crawl Stone Soup version 0.32-a0-928-g1cae6b7ea0 (webtiles) character file.

Game seed: 9460235887152657818

404375 SuperProcrastinator the Bludgeoner (level 24, -23/197 HPs)
             Began as a Formicid Fighter on Apr 13, 2024.
             Was a Believer of Uskayaw.
             Annihilated by an acid blob (28 damage)
             ... on level 2 of the Pits of Slime.
             The game lasted 02:31:17 (52571 turns).

SuperProcrastinator the Bludgeoner (FoFi)          Turns: 52571, Time: 02:31:17

Health: -23/197    AC: 23    Str: 24    XL:     24   Next: 49%
Magic:  44/44      EV: 31    Int:  9    God:    Uskayaw [**....]
Gold:   4469       SH:  0    Dex: 26    Spells: 23/23 levels left

rFire   + . .        H - +7 great mace (protect)
rCold   + + .        f - +3 tower shield {reflect}
rNeg    . . .        o - +8 plate armour of Hizerghe {rC+ Slay+5}
rPois   .            (helmet unavailable)
rElec   .            X - scarf {rC+ rF+}
rCorr   .            W - +2 pair of gloves
SInv    +            a - +2 pair of slick slippers {slick, slippery, EV+4}
Will    ++...        y - amulet of regeneration Stlth
                     q - ring of Jixzeum {MP+9 Dex+5}
HPRegen 1.32/turn    T - ring of the Hare {EV+10}
MPRegen 0.29/turn

%: reflection
@: confused, corroded, fragile (+50% incoming damage), studying 2 skills
A: permanent stasis, dig shafts and tunnels, antennae 3, four strong arms, agile
1, dopey 1, subdued magic 1, inability to drink after injury 1
}: 2/15 runes: decaying, serpentine
a: Dig, Shaft Self, Renounce Religion, Stomp, Line Pass


You were on level 2 of the Pits of Slime.
You worshipped Uskayaw.
Uskayaw was most pleased with you.
You visited 8 branches of the dungeon, and saw 38 of its levels.
You visited 1 bazaar.
You also visited: Ice Cave, Wizlab and Desolation.

You collected 5432 gold pieces.
You spent 963 gold pieces at shops.

Inventory:

Hand Weapons
 k - the +5 demon whip "Spellbinder" {antimagic, disrupt, Will+}
   (You found it in the Desolation of Salt)

   Will+:     It increases your willpower.
 H - a +7 great mace of protection (weapon)
Missiles
 p - 5 javelins
 t - 5 throwing nets
 J - 9 silver javelins
Armour
 a - the +2 pair of slick slippers (worn) {slick, slippery, EV+4}
   (You acquired it on level 2 of the Orcish Mines)

   Slick:     Its wearer cannot be constricted, engulfed, netted, webbed, or
   stopped by binding sigils.
   Slippery:  Its wearer slips away from damaging melee attacks, pulling the
   attacker onward.
   EV+4:      It affects your evasion (+4).
 f - a +3 tower shield of reflection (worn)
 o - the +8 plate armour of Hizerghe (worn) {rC+ Slay+5}
   (You found it on level 3 of the Dungeon)

   Slay+5:    It affects your accuracy & damage with ranged weapons and melee
   (+5).
   rC+:       It protects you from cold.
 r - a +0 cloak of willpower
 U - a +1 cloak of poison resistance
 W - a +2 pair of gloves (worn)
 X - a scarf of resistance (worn)
Jewellery
 q - the ring of Jixzeum (left hand) {MP+9 Dex+5}
   (You found it in the Desolation of Salt)

   [ring of magical power]

   Dex+5:     It affects your dexterity (+5).
   MP+9:      It affects your magic capacity (+9).
 y - an amulet of regeneration (around neck)
 N - a ring of flight
 Q - a ring of protection from fire
 S - a +6 ring of dexterity
 T - the ring of the Hare (right hand) {EV+10}
   (You found it on level 2 of the Snake Pit)

   [ring of evasion]

   EV+10:     It affects your evasion (+10).
 V - a +6 ring of strength
 Z - a ring of willpower
Wands
 c - a wand of mindburst (16)
 v - a wand of acid (7)
 w - a wand of paralysis (25)
 E - a wand of polymorph (18)
 G - a wand of flame (106)
 O - a wand of warping (22)
 R - a wand of digging (36)
Scrolls
 b - 6 scrolls of noise
 g - 7 scrolls of vulnerability
 h - 4 scrolls of summoning
 m - 3 scrolls of immolation
 u - 6 scrolls of silence
 F - 4 scrolls of fog
 I - 2 scrolls of identify
 K - 3 scrolls of fear
Potions
 d - 4 potions of might
 e - 7 potions of brilliance
 i - 8 potions of heal wounds
 l - a potion of invisibility
 n - a potion of cancellation
 s - 5 potions of enlightenment
 x - 9 potions of lignification
 z - 13 potions of curing
 A - a potion of magic
 C - 3 potions of ambrosia
 M - 2 potions of mutation
 P - a potion of resistance
 Y - a potion of attraction
Miscellaneous
 j - a phial of floods
 B - a phantom mirror
 D - a tin of tremorstones (1/2)
 L - a box of beasts


   Skills:
 + Level 17.7 Fighting
 + Level 20.9 Maces & Flails
 * Level 1.9 Throwing
 + Level 17.6 Armour
 + Level 14.6 Dodging
 - Level 2.9 Stealth
 + Level 20.0 Shields
 + Level 17.2 Invocations
 - Level 13.6 Evocations


You had 23 spell levels left.
You didn't know any spells.
Your spell library contained the following spells:

 Spells                   Type           Power      Damage    Failure   Level
 Foxfire                  Conj/Fire      0%         2x1d4     99%         1
 Kiss of Death            Conj/Necr      0%         2d5       99%         1
 Magic Dart               Conj           0%         1d3       99%         1
 Sandblast                Erth           0%         2d4       99%         1
 Sting                    Conj/Alch      0%         1d3       99%         1
 Call Imp                 Summ           0%         N/A       99%         2
 Ensorcelled Hibernation  Hex/Ice        0%         N/A       99%         2
 Lesser Beckoning         Tloc           0%         N/A       99%         2
 Mercury Vapours          Alch/Air       0%         N/A       99%         2
 Momentum Strike          Conj/Tloc      0%         3d8       99%         2
 Scorch                   Fire           0%         2d5       99%         2
 Call Canine Familiar     Summ           0%         N/A       100%        3
 Confusing Touch          Hex            0%         N/A       100%        3
 Dazzling Flash           Conj/Hex       0%         N/A       100%        3
 Fugue of the Fallen      Necr           0%         N/A       100%        3
 Hailstorm                Conj/Ice       0%         3d5       100%        3
 Inner Flame              Hex/Fire       0%         N/A       100%        3
 Mephitic Cloud           Conj/Alch/Air  0%         N/A       100%        3
 Passwall                 Erth           0%         N/A       100%        3
 Sigil of Binding         Hex            0%         N/A       100%        3
 Stone Arrow              Conj/Erth      0%         3d7       100%        3
 Summon Ice Beast         Ice/Summ       0%         N/A       100%        3
 Teleport Other           Tloc           0%         N/A       100%        3
 Tukima's Dance           Hex            0%         N/A       100%        3
 Volatile Blastmotes      Fire/Tloc      0%         2d10      100%        3
 Anguish                  Hex/Necr       0%         N/A       100%        4
 Animate Armour           Summ/Erth      0%         N/A       100%        4
 Animate Dead             Necr           0%         N/A       100%        4
 Brom's Barrelling Bould  Conj/Erth      0%         2d3       100%        4
 Cause Fear               Hex            0%         N/A       100%        4
 Dimensional Bullseye     Hex/Tloc       0%         N/A       100%        4
 Dispel Undead            Necr           0%         3d6       100%        4
 Flame Wave               Conj/Fire      0%         2d4       100%        4
 Ignite Poison            Fire/Alch      0%         N/A       100%        4
 Passage of Golubria      Tloc           0%         N/A       100%        4
 Sticky Flame             Fire/Alch      0%         2d4       100%        4
 Alistair's Intoxication  Alch           0%         N/A       100%        5
 Arcjolt                  Conj/Air       0%         1d10      100%        5
 Curse of Agony           Necr           0%         N/A       100%        5
 Freezing Cloud           Conj/Ice/Air   0%         6-21      100%        5
 Silence                  Hex/Air        0%         N/A       100%        5
 Summon Forest            Summ/Tloc      0%         N/A       100%        5
 Summon Mana Viper        Hex/Summ       0%         N/A       100%        5
 Yara's Violent Unravell  Hex/Alch       0%         3d3       100%        5
 Death Channel            Necr           0%         N/A       100%        6
 Dispersal                Tloc           0%         N/A       100%        6
 Gell's Gavotte           Tloc           0%         2d(11-16) 100%        6
 Permafrost Eruption      Ice/Erth       0%         2x4d1     100%        6
 Plasma Beam              Fire/Air       0%         2x1d10    100%        6
 Sculpt Simulacrum        Ice/Alch       0%         N/A       100%        6
 Starburst                Conj/Fire      0%         6d3       100%        6
 Summon Cactus Giant      Summ           0%         N/A       100%        6
 Enfeeble                 Hex            0%         N/A       100%        7
 Malign Gateway           Summ/Tloc      0%         N/A       100%        7
 Manifold Assault         Tloc           0%         N/A       100%        7
 Monstrous Menagerie      Summ           0%         N/A       100%        7
 Spellforged Servitor     Conj/Summ      0%         N/A       100%        7
 Disjunction              Tloc           0%         N/A       100%        8
 Ignition                 Fire           0%         3d3       100%        8
 Lehudib's Crystal Spear  Conj/Erth      0%         10d2      100%        8
 Maxwell's Capacitive Co  Air            0%         ∞         100%        8
 Chain Lightning          Conj/Air       0%         N/A       100%        9
 Death's Door             Necr           0%         N/A       100%        9
 Blink                    Tloc           Unusable   N/A       N/A         2
 Swiftness                Air            Unusable   N/A       N/A         3
 Vhi's Electric Charge    Tloc/Air       Unusable   N/A       N/A         4

Dungeon Overview and Level Annotations

Branches:
Dungeon (15/15)            Temple (1/1) D:5            Lair (5/5) D:11
  Swamp (4/4) Lair:2        Snake (4/4) Lair:2        Slime (3/5) Lair:4
    Orc (2/2) D:12            Elf (0/3) Orc:2        Vaults (4/5) D:13
  Crypt (0/3) Vaults:3     Depths (0/4) D:15          IceCv (visited)
 WizLab (visited)         Desolation (visited)

Altars:
Ashenzari
Cheibriados
Dithmenos
Elyvilon
Fedhas
Gozag
Hepliaklqana
Kikubaaqudgha
Makhleb
Nemelex Xobeh
Okawaru
Qazlal
Ru
Trog
Uskayaw
Vehumet
Wu Jian
Xom
Yredelemnul
Zin
The Shining One
Beogh

Shops:
D:7 *   D:10 :   Orc:2 =(*[   Snake:2 *[

Portals:
Hell: Lair:5

Annotations:
D:3 1 runed translucent door, Crazy Yiuf
Temple 2 transporters
Swamp:4 1 runed translucent door, Mara; olddryhag's ghost, adept CoWn


Innate Abilities, Weirdness & Mutations

You cannot be hasted, slowed, berserked, paralysed or teleported.
You can dig through walls and to a lower floor.
You have a pair of large antennae on your head. (SInv)
Your four strong arms can wield two-handed weapons with a shield.
You are agile. (Dex +4, Str/Int -1)
You are dopey. (Int -2)
Your spells are a little easier to cast, but a little less powerful.
You occasionally lose the ability to drink potions when taking damage.


Message History

The acid blob spits acid at you. The splash of acid hits you.
The acid corrodes you!
The very large slime creature completely misses you.
The titanic slime creature barely misses you.
The titanic slime creature completely misses you.
The large slime creature completely misses you.
The shining eye gazes at you.
Strange energies course through your body.
Your connection to magic feels subdued.
The acid blob closely misses you.
The large slime creature completely misses you.
The very large slime creature completely misses you.
The titanic slime creature closely misses you.
In your confused state, you trip and fall back down the stairs.
The titanic slime creature barely misses you.
The large slime creature completely misses you.
The acid blob spits acid at you.
The splash of acid hits you but does no damage.
The acid corrodes you! The large slime creature hits you!!
The very large slime creature completely misses you.
The titanic slime creature completely misses you.
Unknown command.
Unknown command.
The titanic slime creature completely misses you.
The large slime creature closely misses you.
The acid blob misses you. The glass eye gazes at you.
You feel your fragility will last longer.
The large slime creature misses you.
The very large slime creature closely misses you.
The titanic slime creature hits you!!!!
Ouch! That really hurt!
* * * LOW HITPOINT WARNING * * *
In your confused state, you trip and fall back down the stairs.
* * * LOW HITPOINT WARNING * * *
The titanic slime creature completely misses you.
The large slime creature completely misses you.
The acid blob hits you!!
You die...
Your body falls in perfect tune with the rhythm.

##
##.............#.##
##.................#
##.................##
#..................#
##.#...........#..##
##.............#.##
##...........#...#
###......JJJ...##
#........J@G..##
#....#.#..JGJ.##
##.##...#.##### ##
##.#### ###


You could see an acid blob, 2 titanic slime creatures, a very large slime
creature, 2 large slime creatures, a shining eye and a glass eye.

Vanquished Creatures
  A dread lich (Vaults:4)
  Mennas (Vaults:2)
  Boris (twice) (Vaults:1 Vaults:4)
  Vashnia (Snake:2)
  2 profane servitors (WizLab)
  Norris (Vaults:2)
  A tentacled monstrosity (WizLab)
  Zenata (Vaults:1)
  A lich (Vaults:2)
  Asterion (Vaults:2)
  3 sphinxes (Vaults:3)
  A titan (Vaults:2)
  2 acid blobs (Slime:1)
  2 eldritch tentacles (WizLab)
  3 tentacled starspawn (WizLab)
  A thorn hunter (Swamp:3)
  2 tengu reavers
  7 nagarajas
  A storm dragon (Vaults:3)
  2 rockslimes
  2 azure jellies
  Aizul (Vaults:1)
  A fire giant (Vaults:2)
  3 ghost moths (WizLab)
  2 imperial myrmidons (Desolation)
  A deep elf sorcerer (Vaults:2)
  A frost giant (D:14)
  13 vault wardens
  4 orc warlords
  A quicksilver ooze (Slime:1)
  7 ghouls
  3 formless jellyfish
  6 ironbound thunderhulks
  A deep elf death mage (Vaults:2)
  18 ironbound preservers
  3 stone giants
  A vampire knight (Vaults:3)
  3 very ugly things
  A deep elf demonologist (Vaults:2)
  7 bunyips
  A war gargoyle (Vaults:4)
  9 eleionomae
  A halazid warlock (Desolation)
  A spark wasp (WizLab)
  A white draconian (WizLab)
  12 dire elephants
  4 ettins
  11 yaktaur captains
  5 crystal guardians
  Harold (Lair:2)
  2 entropy weavers
  3 shambling mangroves
  2 deep elf high priests
  11 hydras
  5 rakshasas
  5 servants of whispers (Desolation)
  17 vault guards
  7 great orbs of eyes
  An ice dragon (shapeshifter) (WizLab)
  4 ice dragons (Swamp:4)
  4 salamander tyrants
  10 peacekeepers
  10 ragged hierophants (Desolation)
  11 alligators
  9 ironbound frosthearts
  11 anacondas
  13 ghost crabs
  4 two-headed ogres
  11 boulder beetles
  10 centaur warriors
  Erica (Orc:1)
  A boulder beetle (shapeshifter) (WizLab)
  A catoblepas (D:8)
  A tengu warrior (D:15)
  Urug (Lair:1)
  2 deep troll earth magi
  4 death yaks
  15 naga sharpshooters
  4 orc high priests
  10 shock serpents
  11 naga warriors
  A thrashing horror (WizLab)
  A deep elf knight (Swamp:1)
  8 salamander mystics
  A sun demon (Lair:5)
  4 skysharks
  A deep elf archer (Swamp:1)
  6 goliath frogs
  2 glowing orange brains
  A shadow demon (WizLab)
  6 spriggan druids
  A death drake (Swamp:2)
  5 skeletal warriors (D:12)
  12 naga ritualists
  2 flayed ghosts
  6 swamp dragons
  59 deep trolls
  16 mana vipers
  8 arcanists
  9 bog bodies
  An anaconda skeleton (WizLab)
  15 ironbound convokers
  2 obsidian statues (WizLab)
  3 harpies (Vaults:1)
  17 orc knights
  6 necromancers
  3 phantasmal warriors
  2 deep elf pyromancers
  10 lindwurms
  A sphinx simulacrum (Vaults:1)
  2 deep elf zephyrmancers (D:13)
  19 salamanders
  5 orc sorcerers
  7 cyclopes
  A shining eye (Slime:1)
  26 ugly things
  18 vault sentinels
  3 will-o-the-wisps
  32 elephants
  6 apocalypse crabs
  4 manticores
  17 naga magi
  6 guardian serpents
  A water nymph (shapeshifter) (D:15)
  An ice statue (IceCv)
  3 kobold blastminers (Orc:1)
  A molten gargoyle (Desolation)
  2 orange demons (Lair:5)
  An eye of devastation (Slime:2)
  49 black mambas
  A smoke demon (Lair:5)
  4 rime drakes
  3 gargoyles
  2 torpor snails
  2 unseen horrors
  Maggie (D:7)
  12 cane toads
  A large abomination (WizLab)
  A yaktaur zombie (Vaults:2)
  31 yaktaurs
  3 kobold demonologists
  An efreet (WizLab)
  An anaconda simulacrum (IceCv)
  5 ice devils
  A tormentor (WizLab)
  7 komodo dragons
  6 trolls
  3 hydra zombies (Swamp:4)
  6 freezing wraiths
  2 elf skeletons (Vaults:2)
  A bloated husk (Swamp:3)
  4 jumping spiders (WizLab)
  2 polar bears
  11 dream sheep
  12 hornets
  6 tyrant leeches
  43 saltlings (Desolation)
  A tarantella (Vaults:4)
  26 blink frogs
  3 raiju
  37 slime creatures
  Sigmund (D:3)
  A deep troll skeleton (Vaults:2)
  8 spriggans
  A water elemental (WizLab)
  7 wraiths
  Eustachio (D:4)
  A vampire (D:8)
  A dire elephant simulacrum (IceCv)
  A warg (D:8)
  4 basilisks
  6 wyverns
  5 redbacks
  A swamp worm simulacrum (Swamp:4)
  A redback (shapeshifter) (Vaults:1)
  4 steam dragons
  32 vampire mosquitoes
  75 yaks
  A yaktaur simulacrum (Vaults:1)
  A harpy simulacrum (IceCv)
  40 nagas
  3 death yak simulacra
  A glowing shapeshifter zombie (Vaults:2)
  16 swamp worms
  An acid dragon (D:8)
  16 hydra simulacra (Swamp:4)
  25 water moccasins
  3 hell hounds (Lair:5)
  2 glowing shapeshifter skeletons
  A swamp drake (Swamp:2)
  4 sky beasts
  33 orc warriors
  3 laughing skulls
  3 black bears (Lair:1)
  An elephant zombie (D:8)
  A swamp dragon zombie (Swamp:4)
  12 ogres
  2 boggarts (WizLab)
  13 centaurs
  6 wolves
  An elf zombie (D:8)
  15 bullfrogs
  9 kobold brigands
  7 two-headed ogre simulacra
  2 cane toad simulacra (IceCv)
  A gnoll sergeant (D:5)
  3 scorpions
  A burial acolyte (D:11)
  9 wights
  A human simulacrum (Vaults:2)
  A swamp dragon simulacrum (Swamp:4)
  3 elephant simulacra
  21 killer bees
  A troll skeleton (D:12)
  4 howler monkeys
  6 spriggan skeletons (D:12)
  A centaur zombie (D:8)
  2 human zombies
  A bombardier beetle (D:5)
  3 gnoll boudas
  27 orc priests
  3 hounds
  A jelly (D:5)
  3 iguanas
  3 scorpion zombies (D:8)
  Terence (D:3)
  A sleepcap (D:6)
  19 orc wizards
  12 hell rats
  9 troll simulacra
  7 spriggan simulacra
  A wolf simulacrum (IceCv)
  2 ogre zombies (D:8)
  4 hound zombies (D:8)
  2 howler monkey zombies (D:8)
  10 adders
  4 gnolls
  10 naga simulacra
  2 shadow imps
  7 white imps
  7 swamp drake simulacra (Swamp:4)
  5 ufetubi
  An adder zombie (D:11)
  2 dart slugs
  92 orcs
  5 ball pythons
  7 endoplasms
  5 giant cockroaches
  10 goblins
  8 hobgoblins
  4 jackals
  4 quokkas
  7 bats
  6 frilled lizards
  2 jackal zombies (D:11)
  23 kobolds
  10 rats
  2 starspawn tentacles (WizLab)
1772 creatures vanquished.

Vanquished Creatures (collateral kills)
  An orc warlord (Orc:2)
  An orc high priest (Orc:2)
  The ghost of Eugor the Thaumaturge, a novice DECj of Vehumet (D:9)
  2 orc knights (Orc:2)
  An orc warrior (D:9)
  An orc priest (Orc:2)
  An orc (D:9)
8 creatures vanquished.

Vanquished Creatures (others)
  A vault guard (Vaults:2)
  A deep elf archer (D:13)
  3 spriggan druids
  An ironbound convoker (Vaults:2)
  2 will-o-the-wisps (Swamp:3)
  6 bloated husks
  A saltling (Desolation)
  A swamp worm (Swamp:1)
  2 orc wizards
  An orc (D:9)
  27 foxfires
  7 starspawn tentacles (WizLab)
53 creatures vanquished.

Grand Total: 1833 creatures vanquished

Notes
Turn   | Place    | Note
-------+----------+-------------------------------------------
     0 | D:1      | SuperProcrastinator the Formicid Fighter began the quest
                  | for the Orb.
     0 | D:1      | Reached XP level 1. HP: 18/18 MP: 1/1
   123 | D:1      | Reached XP level 2. HP: 24/24 MP: 2/2
   517 | D:2      | Reached XP level 3. HP: 22/29 MP: 3/3
   804 | D:2      | Reached skill level 1 in Dodging
   830 | D:2      | Reached XP level 4. HP: 31/37 MP: 4/4
  1267 | D:2      | Found a faded altar of an unknown god.
  1766 | D:3      | Found a runed translucent door.
  1767 | D:3      | Noticed Crazy Yiuf
  1793 | D:3      | Reached XP level 5. HP: 34/41 MP: 5/5
  1880 | D:3      | Identified the +8 plate armour of Hizerghe {rC+ Slay+5}
  1961 | D:3      | Noticed Terence
  1967 | D:3      | Killed Terence
  2016 | D:3      | Reached skill level 1 in Stealth
  2172 | D:3      | Noticed Sigmund
  2193 | D:3      | Killed Sigmund
  2194 | D:3      | Reached skill level 5 in Shields
  2194 | D:3      | Reached XP level 6. HP: 49/49 MP: 6/6
  2505 | D:4      | Noticed Eustachio
  2523 | D:4      | Killed Eustachio
  2524 | D:4      | Reached XP level 7. HP: 55/55 MP: 7/7
  2836 | D:4      | Reached skill level 5 in Fighting
  3025 | D:4      | Found a white marble altar of Elyvilon.
  3025 | D:4      | Found a bloodstained altar of Trog.
  3031 | D:4      | Found a sparkling altar of Nemelex Xobeh.
  3033 | D:4      | Found a basalt altar of Yredelemnul.
  3035 | D:4      | Found a faded altar of an unknown god.
  3325 | D:5      | Entered Level 5 of the Dungeon
  3420 | D:5      | Reached XP level 8. HP: 58/62 MP: 8/8
  3437 | D:5      | Reached skill level 5 in Armour
  3689 | D:5      | Identified the +1 leather armour of the Morning {Str+2}
  3897 | D:5      | Found a staircase to the Ecumenical Temple.
  4044 | Temple   | Found a transporter.
  4044 | Temple   | Found a transporter.
  4044 | Temple   | Found a transporter.
  4044 | Temple   | Found a transporter.
  4044 | Temple   | Entered the Ecumenical Temple
  4064 | Temple   | Became a worshipper of Uskayaw the Reveller
  4267 | D:5      | Reached * piety under Uskayaw
  4747 | D:6      | Reached ** piety under Uskayaw
  5049 | D:6      | Reached XP level 9. HP: 53/69 MP: 9/9
  5053 | D:6      | Reached *** piety under Uskayaw
  5057 | D:6      | Reached **** piety under Uskayaw
  5156 | D:6      | Reached skill level 5 in Maces & Flails
  5609 | D:7      | Found Xefiggis's General Store.
  5672 | D:7      | Bought 2 potions of curing for 72 gold pieces
  5757 | D:7      | Noticed Maggie
  5769 | D:7      | Killed Maggie
  5813 | D:7      | Noticed a cyclops
  5825 | D:7      | Killed a cyclops
  5826 | D:7      | Reached skill level 1 in Invocations
  5894 | D:7      | Noticed a manticore
  5907 | D:7      | Killed a manticore
  5908 | D:7      | Reached skill level 5 in Dodging
  5908 | D:7      | Reached XP level 10. HP: 57/79 MP: 11/11
  6187 | D:7      | Identified the +1 robe of Recklessness {^Contam Rampage
                  | rPois rC+ Dex-3}
  6551 | D:7      | Found a stormy altar of Qazlal.
  6554 | D:7      | Found an opulent altar of Gozag.
  6558 | D:7      | Found a hazy altar of Hepliaklqana.
  6851 | D:8      | Reached ***** piety under Uskayaw
  6941 | D:8      | Found an ancient bone altar of Kikubaaqudgha.
  7235 | D:8      | Reached ****** piety under Uskayaw
  7374 | D:8      | Noticed a cyclops
  7476 | D:8      | Noticed a catoblepas
  7504 | D:8      | Killed a catoblepas
  7505 | D:8      | Reached XP level 11. HP: 30/86 MP: 3/14
  7556 | D:8      | Killed a cyclops
  7908 | D:8      | Reached skill level 5 in Invocations
  8028 | D:8      | Reached skill level 10 in Shields
  8243 | D:8      | Noticed a boulder beetle
  8276 | D:8      | Killed a boulder beetle
  8503 | D:8      | Identified the +8 sling of the Big Bang {speed, Int+4}
  9801 | D:9      | Found a runed translucent gate.
  9826 | D:9      | Found a runed translucent gate.
  9826 | D:9      | Found a runed translucent gate.
  9831 | D:9      | Noticed Eugor's ghost (novice DECj)
  9833 | D:9      | Identified the +0 plate armour "Geigiog" {rC++ Dex+4}
  9906 | D:9      | Found a roughly hewn altar of Beogh.
  9962 | D:8      | Reached XP level 12. HP: 53/95 MP: 16/16
 10185 | D:9      | Killed Eugor's ghost
 10424 | D:9      | Identified the +2 ring mail of the Hippo {rCorr Int+3
                  | Dex-3}
 10429 | D:9      | Identified the +0 helmet "Getajoh" {*Corrode rC++ Str+4}
 10447 | D:10     | Entered Level 10 of the Dungeon
 10722 | D:10     | Found Suriug's Book Emporium.
 10959 | D:10     | Found an ornate altar of the Wu Jian Council.
 11516 | D:11     | Noticed a two-headed ogre
 11638 | D:11     | Found a staircase to the Lair.
 12099 | D:11     | Found an ancient bone altar of Kikubaaqudgha.
 12535 | Lair:1   | Entered Level 1 of the Lair of Beasts
 12558 | Lair:1   | Reached skill level 10 in Maces & Flails
 12842 | Lair:1   | Noticed a boulder beetle
 12885 | Lair:1   | Killed a boulder beetle
 12997 | Lair:1   | Reached XP level 13. HP: 89/100 MP: 18/18
 13004 | Lair:1   | Reached skill level 10 in Fighting
 13004 | Lair:1   | Reached skill level 10 in Armour
 14276 | Lair:2   | Noticed Urug
 14297 | Lair:2   | Noticed Harold
 14604 | Lair:1   | Killed Urug
 14908 | Lair:2   | Reached XP level 14. HP: 106/111 MP: 20/20
 15795 | Lair:2   | Found a staircase to the Snake Pit.
 15887 | Lair:2   | Found a staircase to the Swamp.
 15887 | Lair:2   | Noticed an eleionoma
 15902 | Lair:2   | Killed an eleionoma
 16122 | Lair:2   | Killed Harold
 16373 | Lair:3   | Reached skill level 1 in Evocations
 18526 | Lair:4   | Found a staircase to the Slime Pits.
 18746 | Lair:5   | Entered Level 5 of the Lair of Beasts
 19203 | Lair:4   | Reached XP level 15. HP: 101/119 MP: 22/22
 19209 | Lair:4   | Reached skill level 10 in Invocations
 21361 | Lair:5   | Found a burning altar of Makhleb.
 21686 | Lair:5   | Found a gateway to Hell.
 22092 | D:11     | Reached skill level 5 in Evocations
 22230 | D:12     | Got the Omnibus of Subspace and Guile
 22495 | D:12     | Found a roughly hewn altar of Beogh.
 22495 | D:12     | Found a staircase to the Orcish Mines.
 22683 | D:12     | Reached XP level 16. HP: 111/129 MP: 24/24
 23570 | Orc:1    | Entered Level 1 of the Orcish Mines
 23750 | Orc:1    | Reached skill level 10 in Dodging
 24659 | Orc:2    | Entered Level 2 of the Orcish Mines
 24677 | Orc:2    | Found a frozen archway.
 24716 | IceCv    | Entered an ice cave
 25002 | IceCv    | Identified the +6 orcbow of Havoc {heavy, ^Contam rN+ rCorr
                  | Dex+3}
 26451 | Orc:2    | Found a staircase to the Elven Halls.
 26683 | Orc:2    | Found Dius's General Store.
 26684 | Orc:2    | Found Wutiqek's Jewellery Shop.
 26686 | Orc:2    | Found Borehof's Antique Armour Boutique.
 26686 | Orc:2    | Found Nahicva's Antique Weapon Boutique.
 26706 | Orc:2    | Identified 2 scrolls of acquirement
 26707 | Orc:2    | Acquired 1162 gold pieces
 26711 | Orc:2    | Acquired the +2 pair of slick slippers {slick, slippery,
                  | EV+4}
 26711 | Orc:2    | Found the +2 pair of slick slippers {slick, slippery, EV+4}
 26978 | Orc:1    | Noticed Erica
 26985 | Orc:1    | Killed Erica
 27649 | D:13     | Found a gate to the Vaults.
 28174 | D:14     | Reached XP level 17. HP: 136/136 MP: 25/25
 28457 | D:14     | Found a sparkling altar of Nemelex Xobeh.
 28879 | D:14     | Reached skill level 15 in Shields
 28925 | D:14     | Found the +9 sword of Power {lifebolt}
 28982 | D:14     | Reached skill level 15 in Maces & Flails
 29233 | D:15     | Entered Level 15 of the Dungeon
 29241 | D:15     | Got the Codex of the End and Apparitions
 29861 | D:15     | Found a flickering gateway to a bazaar.
 29868 | Bazaar   | Entered a bazaar
 29868 | Bazaar   | Found Ihuosap's Antique Armour Emporium.
 29868 | Bazaar   | Found Utodo's General Store.
 29868 | Bazaar   | Found Adeulifi's General Store.
 29888 | Bazaar   | Bought a scroll of enchant armour for 120 gold pieces
 29894 | Bazaar   | Bought a wand of acid (2) for 151 gold pieces
 29894 | Bazaar   | Bought a scroll of identify for 36 gold pieces
 29894 | Bazaar   | Bought a scroll of identify for 36 gold pieces
 30222 | D:15     | Found a staircase to the Depths.
 30744 | Snake:1  | Entered Level 1 of the Snake Pit
 31930 | Snake:2  | Reached XP level 18. HP: 125/145 MP: 27/27
 32231 | Snake:2  | Found the ring of the Hare {EV+10}
 32280 | Snake:2  | Found Peho's Armour Shop.
 32286 | Snake:2  | Found Gimaefukk's General Store.
 32429 | Snake:2  | Bought a scarf of resistance for 512 gold pieces
 32440 | Snake:2  | Bought a potion of curing for 36 gold pieces
 33107 | Snake:3  | Noticed Vashnia
 33685 | Snake:2  | Killed Vashnia
 35048 | Snake:4  | Entered Level 4 of the Snake Pit
 35438 | Snake:4  | Reached XP level 19. HP: 143/153 MP: 29/29
 37077 | Snake:4  | Got a serpentine rune of Zot
 37628 | Swamp:1  | Entered Level 1 of the Swamp
 38745 | Swamp:1  | Found a runed translucent door.
 39219 | Swamp:1  | Reached skill level 10 in Evocations
 39332 | Swamp:1  | Got the Incunable of Dark Acts and Hypothermia
 39515 | Swamp:2  | Reached skill level 15 in Fighting
 39559 | Swamp:2  | Reached skill level 15 in Armour
 39584 | Swamp:2  | Reached XP level 20. HP: 130/162 MP: 30/30
 39971 | Swamp:2  | Identified the +8 scimitar of Mic Waec {holy, Will+ Str+8
                  | Dex+3 SInv}
 41832 | Swamp:4  | Entered Level 4 of the Swamp
 41906 | Swamp:4  | Noticed Mara
 41953 | Swamp:4  | Noticed SuperProcrastinator's illusion
 42067 | Swamp:4  | Noticed SuperProcrastinator's illusion
 42176 | Swamp:4  | Noticed SuperProcrastinator's illusion
 42350 | Swamp:4  | Noticed SuperProcrastinator's illusion
 42749 | Swamp:4  | Got a decaying rune of Zot
 42876 | Swamp:4  | Found a runed translucent door.
 42876 | Swamp:4  | Identified the +1 spear of Deegon {flame, *Rage rF+ Will+
                  | Str+2}
 42879 | Swamp:4  | Noticed olddryhag's ghost (adept CoWn)
 43092 | Swamp:4  | Noticed SuperProcrastinator's illusion
 43229 | Vaults:1 | Entered Level 1 of the Vaults
 43333 | Vaults:1 | Found a crumbling gateway.
 43342 | Desolati | Entered the Desolation of Salt
 43422 | Desolati | Reached XP level 21. HP: 155/169 MP: 32/32
 43519 | Desolati | Found the +2 Maxwell's thermic engine {flame, freeze, rev}
 43523 | Desolati | Got the Incunabulum of the Discharge and the Summer
 43527 | Desolati | Got Kanychag's Octavo of Galvanic Ill Luck
 43873 | Desolati | Identified the +1 chain mail of Oblodd {*Slow rPois Int+3
                  | Dex+3}
 43902 | Desolati | Reached skill level 15 in Invocations
 44115 | Desolati | Found the -2 hat of the Alchemist {rElec rPois rF+ rC+ rN+
                  | Will+ rMut rCorr}
 44116 | Desolati | Found the +5 demon whip "Spellbinder" {antimagic, disrupt,
                  | Will+}
 44126 | Desolati | Identified the ring of Jixzeum {MP+9 Dex+5}
 44149 | Desolati | Got the Reference Book on Stormy Impurities
 44167 | Desolati | Got Mara's Catalogue of Ruinous Apparitions
 44548 | Vaults:1 | Noticed Zenata
 44563 | Vaults:1 | Killed Zenata
 44689 | Vaults:1 | Identified the +3 robe of Kufaenew {Rampage MP+9 Str-5
                  | Int+5}
 44689 | Vaults:1 | Noticed Boris
 44705 | Vaults:1 | Killed Boris
 44910 | Vaults:1 | Identified the serpent talisman of the Evil One {Int+5}
 44910 | Vaults:1 | Noticed Aizul
 44930 | Vaults:1 | Killed Aizul
 45276 | Vaults:1 | Reached XP level 22. HP: 178/178 MP: 33/33
 45927 | Vaults:2 | Noticed Norris
 45966 | Vaults:2 | Killed Norris
 46239 | Vaults:3 | Found a magical portal.
 46245 | WizLab   | Entered The Roulette of Golubria
 46245 | WizLab   | Found a transporter.
 46250 | WizLab   | Found a corrupted altar of Lugonu.
 46262 | WizLab   | Found a corrupted altar of Lugonu.
 46424 | WizLab   | Found a transporter.
 46444 | WizLab   | Found a corrupted altar of Lugonu.
 46487 | WizLab   | Found the +0 cloak of the Thief {Quiet Slay-3 SInv Stlth+}
 46488 | WizLab   | Found a corrupted altar of Lugonu.
 46495 | WizLab   | Found a transporter.
 46517 | WizLab   | Found a corrupted altar of Lugonu.
 46529 | WizLab   | Found a transporter.
 46533 | WizLab   | Found a transporter.
 46636 | WizLab   | Noticed a profane servitor
 46637 | WizLab   | Found a transporter.
 46668 | WizLab   | Found a transporter.
 46668 | WizLab   | Found a transporter.
 46668 | WizLab   | Found a corrupted altar of Lugonu.
 46691 | WizLab   | Found a transporter.
 46692 | WizLab   | Found a transporter.
 46868 | WizLab   | Found a transporter.
 46871 | WizLab   | Found a transporter.
 46871 | WizLab   | Noticed a profane servitor
 46887 | WizLab   | Killed a profane servitor
 46940 | WizLab   | Found a transporter.
 46947 | WizLab   | Killed a profane servitor
 47022 | WizLab   | Gained mutation: You are dopey. (Int -2) [a neqoxec]
 47156 | WizLab   | Identified the +1 cloak of Mordant Fun {+Blink +Inv rF-
                  | Int+3}
 47257 | WizLab   | Found a transporter.
 47257 | WizLab   | Found a transporter.
 47257 | WizLab   | Found a corrupted altar of Lugonu.
 47285 | WizLab   | Found a corrupted altar of Lugonu.
 47288 | WizLab   | Got the Monograph on the Excursion
 47359 | WizLab   | Found a transporter.
 47359 | WizLab   | Found a transporter.
 47374 | WizLab   | Reached XP level 23. HP: 186/186 MP: 35/35
 47478 | WizLab   | Found a transporter.
 47478 | WizLab   | Found a transporter.
 48228 | Vaults:3 | Found a staircase to the Crypt.
 48909 | Vaults:4 | Noticed a dread lich
 48924 | Vaults:4 | Killed a dread lich
 49525 | Vaults:4 | Identified the +3 robe of Xeset {rN+}
 49525 | Vaults:4 | Noticed Boris
 49538 | Vaults:4 | Killed Boris
 49751 | Vaults:4 | Reached XP level 24. HP: 195/195 MP: 35/35
 50431 | Vaults:2 | Identified the +6 scale mail of Midwinter {rCorr}
 50739 | Vaults:2 | Noticed Asterion
 50759 | Vaults:2 | Killed Asterion
 51093 | Vaults:2 | Noticed Mennas
 51106 | Vaults:2 | Killed Mennas
 51878 | Slime:1  | Entered Level 1 of the Pits of Slime
 51883 | Slime:1  | Gained mutation: You are agile. (Dex +4, Str/Int -1) [a
                  | shining eye]
 52019 | Slime:2  | Reached skill level 1 in Throwing
 52562 | Slime:1  | Gained mutation: You occasionally lose the ability to drink
                  | potions when taking damage. [a shining eye]
 52568 | Slime:2  | Gained mutation: Your spells are a little easier to cast,
                  | but a little less powerful. [a shining eye]
 52570 | Slime:2  | HP: 5/197 [titanic slime creature (135)]
 52571 | Slime:2  | Annihilated by an acid blob

Illustrated notes

Levels and vault maps discovered:
D:1:      dpeg_arrival_leaves_temple_mockup, layout_rooms, chequers_arboretum
D:2:      minmay_spotlight, layout_basic, ebering_ecumenical_altar_box,
          minmay_fractal_squares_5
D:3:      minmay_chambers_of_twos, layout_basic, uniq_terence, uniq_sigmund,
          uniq_crazy_yiuf_cottage
D:4:      layout_gridville, chequers_temple_overflow_minitemple, uniq_eustachio
D:5:      minmay_recursive_quarters, layout_basic, tgw_sif,
          minmay_temple_entry_statues
D:6:      layout_rooms
D:7:      layout_loops_corners, grunt_temple_overflow_diamond, serial_shops,
          nicolae_shop_advertising_works [nicolae_subvault_shop_adworks],
          minmay_three_doors, uniq_maggie
D:8:      minmay_imperfect_grid, layout_gridville, grunt_ministairs_4,
          roadster_capsule_ark_zombie
D:9:      layout_rooms, biasface_ghost_orc_armoury
D:10:     layout_basic, lemuel_doored_altar, serial_shops,
          nicolae_take_the_stairs
D:11:     nicolae_cairo_tiling_very_big, layout_basic, david_lair_shrubbed,
          minmay_holes, lemuel_zombie_altar_kikubaaqudgha
D:12:     layout_basic, david_orc_5, hangedman_tell_no_tales
D:13:     layout_long_grid, hangedman_vaults_entry_quadrant_bands
D:14:     minmay_guarded_unrand_sword_of_power, layout_loops_corners,
          nemelex_diamond_rough_becter
D:15:     gammafunk_enter_depths_forms, layout_basic, serial_shops,
          bzr_entry_lakeside, nicolae_triple_integral
Temple:   hellmonk_temple_divided_pantheon
Lair:1:   layout_cave_pods, grunt_megastairs_2
Lair:2:   layout_chaotic_city, alex1729_swamp_entry_worm_eleionoma,
          dummy_snake_entry, st_stairs_11, chequers_serial_rivers_large_b,
          chequers_serial_rivers_room_a, cheibrodos_lair_reptile_den, uniq_urug,
          uniq_harold
Lair:3:   layout_cave_pods, grunt_megastairs_1, infiniplex_staircase_pool_2
Lair:4:   beargit_carnivore_pack, layout_concentric_octagons,
          dpeg_slime_entry_corner
Lair:5:   evil_forest, layout_regular_city, chequers_serial_rivers_micro_a,
          lemuel_fruit_fields, infiniplex_staircase_pool
Swamp:1:  gammafunk_mikee_crab_dinner, layout_basic_swamp,
          nicolae_swamp_tree_designs, beargit_elvish_explorers,
          nicolae_swamp_long_stream
Swamp:2:  nzn_winding_woodlands_small [nzn_winding_woodlands_5x15_garden,
          nzn_winding_woodlands_center_diamonds,
          nzn_winding_woodlands_5x15_default], layout_basic_swamp,
          hangedman_swamp_diagram, hangedman_swamp_blocks, swamp_pool_3
Swamp:3:  bobbens_index_wilting_gardens, layout_basic_swamp,
          evilmike_swamp_ruin_house_3
Swamp:4:  swamp_icy, layout_basic_swamp, ebering_ghost_funeral_grove,
          nicolae_swamp_necromancer_hut, uniq_mara
Snake:1:  cheibrodos_snake_ritualist_ritual, layout_onion_interference,
          st_stairs_6, nicolae_integral_box
Snake:2:  layout_layer_cave, drop_trap, grunt_ministairs_12, minmay_shoptagon
Snake:3:  layout_onion, lemuel_fruit_tree, uniq_vashnia
Snake:4:  snake_pit, layout_onion
Slime:1:  layout_caves
Slime:2:  layout_caves
Slime:3:  layout_caves
Orc:1:    layout_diamond_mine, nicolae_orc_lava_room, uniq_erica
Orc:2:    st_orc_congregation, layout_diamond_mine,
          portal_ice_cave_entry_ice_simulacra, nicolae_orc_tapped_out
Vaults:1: portal_desolation_entry_garden, vaults_room_grid,
          ontoclasm_vaults_chip, v_misc_17, dpeg_vaults_monster_row,
          vaults_room_pools, v_misc_24, v_misc_22,
          nicolae_vaults_inception_scallops, v_pattern_3,
          nicolae_vaults_closet_pinwheel_2, vaults_room_semicircle,
          nicolae_vaults_cornered_office, nicolae_vaults_two_Ls,
          layout_vaults_maze, uniq_boris, uniq_aizul, uniq_zenata
Vaults:2: st_greater_box_3, v_misc_32, v_misc_26, nicolae_vaults_lightning_bolt,
          ontoclasm_vaults_fault, nicolae_vaults_apartment_2,
          nicolae_vaults_tetromino_L_1, v_misc_13, vaults_dpeg_doors,
          v_alt_pattern_2, v_misc_5, v_rooms_3, layout_vaults_omnibox,
          uniq_norris, uniq_mennas, uniq_asterion
Vaults:3: infiniplex_enter_wizlab_spiral, st_octagons_1, vaults_room_fours,
          ontoclasm_vaults_spin, vaults_room_pools,
          minmay_crypt_entry_simple_statues, vaults_room_stairs_pillars,
          dpeg_vaults_monster_box, nicolae_vaults_little_squares_4,
          nicolae_vaults_trapezoid_lopsided_2, nicolae_vaults_little_squares_4,
          nicolae_vaults_tetromino_Z_2, layout_vaults_omnigrid
Vaults:4: ontoclasm_vaults_ring_small, vaults_room_grid, ontoclasm_vaults_echo,
          v_misc_3, nicolae_vaults_heist, vaults_dpeg_encased_lava,
          nicolae_vaults_trapezoid_2, nicolae_vaults_big_ls,
          nicolae_vaults_tetromino_T_2, hangedman_vaults_locks,
          lightli_orcish_oven, nicolae_vaults_little_squares_6, v_rooms_1,
          ontoclasm_vaults_ring_small, ontoclasm_vaults_gateway,
          layout_vaults_ring

Skill      XL: |  1  2  3  4  5  6  7  8  9 10 11 12 13 14 15 16 17 18 19 20 21 22 23 24 |
---------------+-------------------------------------------------------------------------+-----
Dodging        | 1 2 3 5 6 7 8 9 10 11 12 13 14 | 14.6
Fighting       | 4 5 7 8 9 10 11 12 13 14 15 16 17 | 17.7
Armour         | 4 5 7 8 9 10 11 12 13 14 15 16 17 | 17.6
Stealth        | 2 |  2.9
Maces & Flails | 3 4 6 7 8 10 11 12 13 14 15 16 17 18 19 20 | 20.9
Shields        | 5 6 7 8 9 10 11 12 13 14 15 16 17 18 19 20 | 20.0
Invocations    | 2 4 6 7 8 9 10 11 12 13 14 15 16 17 | 17.2
Evocations     | 3 5 6 8 9 10 11 12 13 | 13.6
Throwing       | 1 |  1.9

Action                     |  1- 3 |  4- 6 |  7- 9 | 10-12 | 13-15 | 16-18 | 19-21 | 22-24 || total
---------------------------+-------+-------+-------+-------+-------+-------+-------+-------++-------
  Melee: Flail             |    78 |   105 |   284 |   869 |  1327 |       |       |       ||  2663
         Great mace        |       |       |       |       |   107 |  1338 |  1748 |  1080 ||  4273
  Throw: Throwing net      |       |       |       |       |     1 |       |       |       ||     1
         Javelin           |       |       |       |       |       |       |       |     1 ||     1
 Invoke: Stomp             |       |       |       |     6 |     3 |     5 |     1 |       ||    15
         Line Pass         |       |       |       |       |     5 |     1 |       |     2 ||     8
         Grand Finale      |       |       |       |       |       |     1 |     1 |     3 ||     5
Ability: Dig               |       |     1 |     2 |     3 |     5 |     4 |       |       ||    15
  Evoke: Wand              |       |       |       |     5 |     7 |     5 |     5 |     9 ||    31
         Phantom mirror    |       |       |       |       |       |     2 |       |       ||     2
         Tin of tremorston |       |       |       |       |       |       |     3 |     5 ||     8
    Use: Potion            |       |     1 |       |     3 |     2 |     8 |     3 |     3 ||    20
         Scroll            |       |     6 |     2 |     5 |     6 |    16 |    14 |     4 ||    53
   Stab: Paralysed         |       |       |     5 |    49 |   110 |   108 |   147 |   137 ||   556
         Distracted        |       |       |       |       |       |       |     1 |       ||     1
         Petrifying        |       |       |       |       |       |       |     1 |       ||     1
 Armour: Scale mail        |    81 |    38 |       |       |       |       |       |       ||   119
         Plate armour      |       |    20 |   203 |   592 |  1033 |   754 |   644 |   245 ||  3491
  Dodge: Dodged            |    42 |    27 |    44 |   225 |   448 |   517 |  1022 |   464 ||  2789
  Block: Buckler           |    24 |    12 |       |       |       |       |       |       ||    36
         Kite shield       |       |    30 |   158 |   549 |   951 |  1133 |   140 |       ||  2961
         Tower shield      |       |       |       |       |       |       |  2224 |  1290 ||  3514
         Reflection        |       |       |       |       |       |       |    43 |    51 ||    94

Table legend: (Time is in decaauts)
 A = Elapsed time spent in this place.
 B = Non-inter-level travel time spent in this place.
 C = Inter-level travel time spent in this place.
 D = Time resting spent in this place.
 E = Time spent auto-exploring this place.
 F = Levels seen in this place.
 G = Mean time per level.
                   A        B        C        D        E       F      G
               +--------+--------+--------+--------+--------+-----+--------+
         Total |  52582 |  47282 |   5300 |  11876 |  22740 |  42 | 1252.0 |
       Dungeon |  18259 |  16250 |   2009 |   3524 |   9063 |  15 | 1217.3 |
        Temple |     33 |      5 |     28 |      0 |      0 |   1 |   33.0 |
          Lair |   9861 |   8621 |   1240 |   2955 |   3624 |   5 | 1972.2 |
         Swamp |   5325 |   4878 |    447 |   1159 |   2139 |   4 | 1331.2 |
     Snake Pit |   6821 |   6271 |    550 |   2630 |   2034 |   4 | 1705.2 |
    Slime Pits |    677 |    617 |     60 |    100 |    384 |   3 |  225.7 |
  Orcish Mines |   2405 |   2010 |    395 |    329 |   1026 |   2 | 1202.5 |
        Vaults |   5854 |   5286 |    568 |    612 |   3179 |   4 | 1463.5 |
        Bazaar |     35 |     35 |      0 |      0 |     10 |   1 |   35.0 |
      Ice Cave |    966 |    966 |      0 |     51 |    475 |   1 |  966.0 |
        Wizlab |   1239 |   1239 |      0 |    315 |    373 |   1 | 1239.0 |
    Desolation |   1102 |   1102 |      0 |    198 |    432 |   1 | 1102.0 |
               +--------+--------+--------+--------+--------+-----+--------+

Top non-repeatable levels by time:
     D:8: 2744 daAuts
  Lair:5: 2698 daAuts
  Lair:1: 2683 daAuts
 Swamp:3: 1956 daAuts
 Snake:3: 1941 daAuts
 Snake:4: 1886 daAuts
 Snake:2: 1846 daAuts
    D:12: 1644 daAuts
Vaults:2: 1633 daAuts
  Lair:3: 1588 daAuts
  Lair:2: 1561 daAuts
 Swamp:1: 1557 daAuts
     D:5: 1477 daAuts
Vaults:3: 1412 daAuts
Vaults:1: 1411 daAuts
